 Dungeon Crawl Stone Soup version 0.28-a0-991-g956f0ee3d5 (webtiles) character file.

Game seed: 6219497738870380275

453 bearlyready the Destroyer (level 6, -6/45 HPs)
             Began as a Draconian Conjurer on Dec 5, 2021.
             Mangled by a wyvern skeleton (11 damage)
             ... on level 4 of the Dungeon.
             The game lasted 00:06:21 (4996 turns).

bearlyready the Destroyer (Draconian Conjurer)      Turns: 4996, Time: 00:06:22

Health: -6/45      AC:  7    Str:  9    XL:     6   Next: 75%
Magic:  4/9        EV: 12    Int: 21    God:
Gold:   145        SH:  0    Dex:  9    Spells: 6/9 levels left

rFire   . . .      SeeInvis .   j - +1 dagger (speed)
rCold   . . .      Faith    .   (no shield)
rNeg    . . .      Spirit   .   (armour unavailable)
rPois   +          Reflect  .   (helmet restricted)
rElec   .          Harm     .   r - +0 cloak
rCorr   .          Rampage  .   (no gloves)
Will    .....                   (no boots)
Stlth   ++........              (no amulet)
HPRegen 0.15/turn               g - ring of poison resistance
MPRegen 0.11/turn               (no ring)

@: no status effects
A: AC +6, unfitting armour, cold-blooded
a: no special abilities


You were on level 4 of the Dungeon.
You visited 1 branch of the dungeon, and saw 4 of its levels.

You collected 145 gold pieces.

Inventory:

Hand Weapons
 j - a +1 dagger of speed (weapon)
Missiles
 b - 113 stones
 h - 8 poisoned darts
Armour
 o - a +0 kite shield
 r - a +0 cloak (worn)
Magical Staves
 l - a staff of death
Jewellery
 g - a ring of poison resistance (left hand)
 n - a ring of ice
Wands
 q - a wand of polymorph (3)
Scrolls
 c - 3 scrolls of identify {unknown}
 d - a scroll of enchant armour {unknown}
 f - 2 scrolls of immolation {unknown}
 i - a scroll of enchant weapon {unknown}
 m - a scroll of noise {unknown}
 p - a scroll of magic mapping {unknown}
Potions
 a - a potion of magic {unknown}
 e - 2 potions of haste {unknown}
 k - 2 potions of curing {unknown}


   Skills:
 - Level 1.7 Dodging
 - Level 1.7 Stealth
 - Level 2.0 Spellcasting
 + Level 8.2 Conjurations


You had 6 spell levels left.
You knew the following spells:

 Your Spells              Type           Power      Damage    Failure   Level
a - Magic Dart            Conj           100%       1d8       1%          1
b - Searing Ray           Conj           72%        2d7       1%          2

Your spell library contained the following spells:

 Spells                   Type           Power      Damage    Failure   Level
 Dazzling Flash           Conj/Hex       38%        N/A       9%          3
 Fulminant Prism          Conj/Hex       9%         3d7       26%         4
 Iskenderun's Mystic Bla  Conj/Tloc      19%        2d6       26%         4
 Leda's Liquefaction      Hex/Erth       1%         N/A       82%         4
 Lee's Rapid Deconstruct  Erth           1%         3d5*      99%         5
 Statue Form              Tmut/Erth      1%         N/A       100%        6


Dungeon Overview and Level Annotations

Branches:
Dungeon (4/15)
 Temple: D:4-7

Altars:
Makhleb


Innate Abilities, Weirdness & Mutations

Your plain brown scales are hard. (AC +6)
You cannot fit into any form of body armour.
You are cold-blooded and may be slowed by cold attacks.


Message History

You hit the endoplasm.
You tail-slap the endoplasm, but do no damage.
The endoplasm is lightly wounded.
The endoplasm freezes you.
You are frozen.
You feel yourself slow down.
You hit the endoplasm. You tail-slap the endoplasm.
The endoplasm is severely wounded.
The endoplasm hits you.
You hit the endoplasm.
You kill the endoplasm!
No target in view!
You feel yourself speed up. The wyvern skeleton bites you!
There is a stone staircase leading up, spattered with blood here.
Casting: Searing Ray (safe; 1% risk of failure)
Confirm with . or Enter, or press ? or * to list all spells.
Aiming: Searing Ray (safe; 1% risk of failure)
Press: ? - help, Shift-Dir - straight line, f - wyvern skeleton
Aim: a wyvern skeleton (98% to hit)
The searing ray hits the wyvern skeleton!
The wyvern skeleton is moderately damaged. (Press . to maintain the ray.)
The wyvern skeleton closely misses you.
The searing ray hits the wyvern skeleton.
The wyvern skeleton is moderately damaged.
The wyvern skeleton bites you.
A giant cockroach comes into view.
The wyvern skeleton bites you!
The searing ray hits the wyvern skeleton!
The wyvern skeleton is heavily damaged.
The wyvern skeleton bites you!
* * * LOW HITPOINT WARNING * * *
The searing ray hits the wyvern skeleton.
The wyvern skeleton is severely damaged.
You finish channelling your searing ray.
The wyvern skeleton bites you.
* * * LOW HITPOINT WARNING * * *
The wyvern skeleton bites you but does no damage.
The wyvern skeleton bites you!
You die...

#.....<........#
#.....(........#
##.............#
##...#........#
########.....##
#########.........
#............$....
#....$.Z..........
#......@..........
#.................
#.......##.......#
#.......###......#
#.......# ##....
#...<...# ....
######### ...


You could see a wyvern skeleton.

Vanquished Creatures
  A phantom (D:3)
  2 scorpions
  An orc priest (D:3)
  Crazy Yiuf (D:3)
  3 iron imps (D:3)
  A gnoll (D:1)
  6 adders
  2 orcs (D:3)
  4 ball pythons
  6 endoplasms
  A giant cockroach (D:3)
  7 goblins
  2 hobgoblins
  2 jackals (D:2)
  3 quokkas
  6 bats
  5 frilled lizards
  7 kobolds
  2 rats (D:1)
62 creatures vanquished.

Notes
Turn   | Place    | Note
-------+----------+-------------------------------------------
     0 | D:1      | bearlyready the Draconian Conjurer began the quest for the
                  | Orb.
     0 | D:1      | Reached XP level 1. HP: 14/14 MP: 3/3
   111 | D:1      | Reached XP level 2. HP: 3/20 MP: 0/5
   555 | D:1      | Learned a level 2 spell: Searing Ray
  1421 | D:2      | Found a faded altar of an unknown god.
  1430 | D:2      | Reached skill level 5 in Conjurations
  1526 | D:2      | Reached XP level 3. HP: 25/26 MP: 2/6
  2241 | D:2      | Reached XP level 4. HP: 33/33 MP: 1/7
  2908 | D:3      | Reached skill level 6 in Conjurations
  3033 | D:3      | Found a burning altar of Makhleb.
  3309 | D:3      | Reached XP level 5. HP: 38/38 MP: 3/8
  3837 | D:3      | Found a runed translucent door.
  3838 | D:3      | Noticed Crazy Yiuf
  4188 | D:3      | Reached skill level 7 in Conjurations
  4339 | D:3      | Killed Crazy Yiuf
  4432 | D:4      | Reached XP level 6. HP: 26/45 MP: 5/9
  4543 | D:3      | Reached skill level 8 in Conjurations
  4996 | D:4      | Mangled by a wyvern skeleton

Illustrated notes

Levels and vault maps discovered:
D:1:      nzn_arrival_water_spiral, layout_loops_cross
D:2:      layout_loops_cross, hellmonk_ecumenical_altar_pennies_from_heaven
D:3:      layout_basic, demons_altar, serial_park_tiny_2, serial_park_tiny_1,
          kennysheep_nondescript, uniq_crazy_yiuf_cottage
D:4:      layout_rooms, lemuel_doored_altar, nicolae_sif_muna_little_library,
          minmay_shop_damaged

Skill      XL: |  1  2  3  4  5  6 |
---------------+-------------------+-----
Conjurations   | 5 6 7 8 |  8.2
Dodging        | |  1.7
Stealth        | |  1.7
Spellcasting   | |  2.0

Action                   |  1- 3 |  4- 6 || total
-------------------------+-------+-------++-------
Melee: Unarmed           |    33 |       ||    33
       Tailslap          |     8 |    14 ||    22
       Dagger            |    39 |   130 ||   169
 Cast: Magic Dart        |    32 |    12 ||    44
       Searing Ray       |     4 |    14 ||    18
 Stab: Sleeping          |     6 |     1 ||     7
Armor: Skin              |    20 |    32 ||    52
Dodge: Dodged            |    41 |    70 ||   111

Table legend: (Time is in decaauts)
 A = Elapsed time spent in this place.
 B = Non-inter-level travel time spent in this place.
 C = Inter-level travel time spent in this place.
 D = Time resting spent in this place.
 E = Time spent auto-exploring this place.
 F = Levels seen in this place.
 G = Mean time per level.
                   A        B        C        D        E       F      G
               +--------+--------+--------+--------+--------+-----+--------+
         Total |   4947 |   4799 |    148 |    506 |   3627 |   4 | 1236.8 |
       Dungeon |   4947 |   4799 |    148 |    506 |   3627 |   4 | 1236.8 |
               +--------+--------+--------+--------+--------+-----+--------+

Top non-repeatable levels by time:
     D:3: 2401 daAuts
     D:1: 1406 daAuts
     D:2: 1010 daAuts
     D:4: 130 daAuts
